Map: Overgrowth LE (Void)

Players

vonster

  • Race: Protoss Protoss
  • League: Platinum
  • Spawn Location: 7:00

Fropez - Winner!

  • Race: Protoss Protoss
  • League: Gold
  • Spawn Location: 1:00

VOD

Have the link to the VOD?

Description

Time

  • Played on: Jan. 4, 2017, 11:15 a.m.
  • Length: 15:23
Show
View Real Time Build Order
Export as new Build Order

vonster Protoss 

Build Orders:  

Get SALT Encoding   

  12  0:03  Probe (Chrono Boost)  
  13  0:15  Probe (Chrono Boost)  
  13  0:18  Pylon  
  14  0:25  Probe (Chrono Boost)  
  15  0:36  Probe (Chrono Boost)  
  16  0:42  Gateway  
  16  0:46  Probe (Chrono Boost)  
  17  0:57  Probe (Chrono Boost)  
  17  1:01  Pylon  
  18  1:08  Probe (Chrono Boost)  
  19  1:12  Gateway  
  19  1:18  Probe (Chrono Boost)  
  20  1:26  Assimilator  
  20  1:29  Probe (Chrono Boost)  
  20  1:31  Zealot  
  23  1:39  Probe (Chrono Boost)  
  24  1:40  Cybernetics Core  
  24  1:50  Probe (Chrono Boost)  
  25  1:55  Assimilator  
  25  2:00  Probe (Chrono Boost)  
  26  2:01  Zealot  
  28  2:11  Probe (Chrono Boost)  
  28  2:15  Pylon  
  29  2:17  Stalker  
  31  2:34  Stalker  
  33  2:41  Warp Gate  
  33  2:42  Pylon  
  33  2:45  Nexus  
  33  2:50  Probe (Chrono Boost)  
  34  2:59  Stalker  
  34  3:03  Probe (Chrono Boost)  
  37  3:18  Pylon  
  37  3:23  Stargate  
  37  3:32  Assimilator  
  38  3:35  Probe (Chrono Boost)  
  38  3:53  Probe (Chrono Boost)  
  39  3:59  Probe (Chrono Boost)  
  39  4:00  Assimilator  
  40  4:05  Probe (Chrono Boost)  
  40  4:06  Void Ray  
  42  4:10  Probe (Chrono Boost)  
  47  4:17  Probe (Chrono Boost)  
  47  4:20  Probe (Chrono Boost)  
  47  4:23  Stalker  
  50  4:30  Probe (Chrono Boost)  
  50  4:31  Probe (Chrono Boost)  
  52  4:37  Stalker  
  54  4:41  Probe (Chrono Boost)  
  55  4:47  Probe (Chrono Boost)  
  55  4:52  Probe (Chrono Boost)  
  57  4:55  Void Ray, Stargate  
  57  4:58  Stalker  
  59  5:02  Probe (Chrono Boost)  
  64  5:09  Pylon  
  64  5:10  Probe (Chrono Boost)  
  65  5:16  Probe (Chrono Boost)  
  65  5:20  Pylon  
  66  5:28  Forge, Probe (Chrono Boost)  
  66  5:31  Stalker  
  66  5:34  Void Ray x2  
  69  5:38  Probe (Chrono Boost)  
  79  5:44  Probe (Chrono Boost)  
  79  5:58  Nexus  
  79  6:04  Protoss Ground Armor Level 1  
  79  6:08  Protoss Air Armor Level 1  
  79  6:12  Pylon  
  79  6:18  Stalker  
  81  6:19  Stalker  
  83  6:28  Robotics Facility  
  83  6:31  Void Ray, Pylon  
  87  6:42  Void Ray  
  89  6:56  Photon Cannon  
  89  6:58  Pylon  
  89  7:04  Photon Cannon  
  89  7:08  Void Ray  
  93  7:20  Nexus  
  93  7:21  Observer  
  93  7:24  Void Ray  
  98  7:31  Photon Cannon  
  98  7:41  Photon Cannon  
  98  7:43  Photon Cannon  
  98  7:46  Void Ray  
  98  7:48  Pylon  
  103  8:06  Probe (Chrono Boost)  
  103  8:13  Void Ray  
  103  8:16  Protoss Air Weapons Level 1  
  103  8:18  Probe (Chrono Boost)  
  103  8:19  Observer  
  108  8:22  Pylon  
  108  8:26  Pylon  
  109  8:28  Stalker  
  109  8:29  Stalker  
  113  8:38  Void Ray, Probe (Chrono Boost)  
  113  8:40  Pylon  
  113  8:41  Pylon  
  118  8:49  Probe (Chrono Boost)  
  118  8:54  Assimilator  
  119  8:59  Void Ray, Probe (Chrono Boost)  
  119  9:00  Assimilator  
  124  9:05  Pylon  
  124  9:07  Observer, Protoss Ground Weapons Level 1  
  124  9:10  Probe (Chrono Boost)  
  126  9:20  Probe (Chrono Boost)  
  126  9:21  Pylon, Stalker  
  126  9:23  Stalker  
  126  9:24  Void Ray  
  135  9:37  Probe (Chrono Boost)  
  136  9:46  Stalker  
  136  9:47  Stalker  
  136  9:48  Probe (Chrono Boost)  
  141  9:56  Void Ray  
  141  9:58  Probe (Chrono Boost)  
  146  10:03  Void Ray  
  146  10:06  Pylon  
  146  10:09  Probe (Chrono Boost)  
  146  10:10  Stalker  
  153  10:20  Fleet Beacon  
  153  10:25  Stalker  
  155  10:32  Pylon  
  155  10:34  Stalker  
  157  10:42  Nexus  
  157  10:45  Pylon  
  157  10:47  Protoss Air Weapons Level 2  
  157  10:48  Void Ray  
  161  11:08  Cybernetics Core  
  161  11:20  Photon Cannon  
  161  11:23  Photon Cannon  
  161  11:26  Photon Cannon, Tempest  
  161  11:32  Photon Cannon  
  167  11:35  Probe (Chrono Boost)  
  167  11:39  Mothership Core (Chrono Boost)  
  170  11:45  Tempest  
  176  11:48  Stalker  
  176  11:49  Stalker  
  180  11:54  Probe (Chrono Boost)  
  181  12:03  Assimilator  
  181  12:05  Probe (Chrono Boost)  
  182  12:14  Stalker  
  182  12:15  Probe (Chrono Boost), Assimilator, Stalker  
  187  12:20  Void Ray  
  191  12:30  Tempest  
  197  12:45  Pylon  
  197  12:49  Photon Cannon  
  197  12:51  Photon Cannon  
  197  12:55  Pylon  
  197  12:57  Photon Cannon  
  197  12:59  Photon Cannon  
  197  13:05  Protoss Shields Level 1  
  197  13:06  Photon Cannon  
  197  13:12  Photon Cannon  
  197  13:14  Photon Cannon  
  197  13:15  Photon Cannon  
  197  13:19  Pylon  
  189  13:40  Void Ray x2  
  187  13:42  Stalker  
  187  13:43  Stalker  
  189  14:15  Photon Cannon  
  189  14:17  Stalker x2  
  185  14:19  Photon Cannon  
  185  14:21  Photon Cannon  
  185  14:23  Void Ray x2  
  191  14:32  Photon Cannon  
  191  14:39  Photon Cannon  
  191  14:41  Photon Cannon  
  191  14:44  Photon Cannon  
  185  14:48  Photon Cannon  
  185  14:51  Photon Cannon  
  169  14:53  Photon Cannon  
  137  15:03  Photon Cannon  
  137  15:05  Photon Cannon  
  117  15:09  Stalker x2  
Show
View Real Time Build Order
Export as new Build Order

Fropez Protoss - Winner!

Build Orders: 1 Gate Expand 

Get SALT Encoding   

  12  0:01  Probe (Chrono Boost)  
  13  0:11  Probe (Chrono Boost)  
  14  0:23  Probe (Chrono Boost)  
  14  0:27  Pylon  
  15  0:37  Assimilator  
  15  0:45  Probe (Chrono Boost)  
  16  0:55  Gateway  
  16  0:56  Probe (Chrono Boost)  
  17  1:06  Probe (Chrono Boost)  
  18  1:17  Probe (Chrono Boost)  
  19  1:22  Nexus  
  19  1:28  Probe (Chrono Boost)  
  19  1:31  Assimilator  
  20  1:48  Pylon  
  20  1:50  Cybernetics Core  
  20  1:52  Probe (Chrono Boost)  
  21  2:02  Probe (Chrono Boost)  
  22  2:11  Pylon  
  22  2:13  Probe (Chrono Boost)  
  23  2:28  Gateway  
  23  2:33  Warp Gate, Mothership Core (Chrono Boost)  
  24  2:41  Pylon  
  24  2:42  Probe (Chrono Boost)  
  25  2:51  Probe (Chrono Boost)  
  25  2:53  Adept  
  25  2:54  Probe (Chrono Boost)  
  29  3:05  Pylon  
  29  3:06  Probe (Chrono Boost)  
  30  3:19  Pylon, Probe (Chrono Boost)  
  31  3:24  Probe (Chrono Boost)  
  31  3:25  Pylon  
  32  3:30  Stalker  
  32  3:33  Adept  
  36  3:38  Probe (Chrono Boost), Assimilator  
  37  3:43  Probe (Chrono Boost)  
  38  3:51  Twilight Council, Probe (Chrono Boost)  
  39  4:00  Adept x2  
  43  4:17  Probe (Chrono Boost)  
  45  4:18  Probe (Chrono Boost), Blink  
  45  4:28  Pylon  
  45  4:29  Probe (Chrono Boost)  
  45  4:30  Probe (Chrono Boost)  
  47  4:38  Assimilator  
  47  4:39  Gateway  
  47  4:43  Robotics Facility  
  47  4:44  Probe (Chrono Boost)  
  49  4:46  Probe (Chrono Boost)  
  49  4:55  Adept  
  49  4:56  Stalker  
  53  5:10  Probe x2 (Chrono Boost)  
  55  5:20  Gateway  
  55  5:23  Probe (Chrono Boost)  
  55  5:24  Probe (Chrono Boost)  
  55  5:25  Warp Prism  
  57  5:34  Stalker x2  
  57  5:35  Probe (Chrono Boost)  
  64  5:49  Probe (Chrono Boost)  
  66  5:58  Probe (Chrono Boost), Gateway  
  66  6:01  Probe (Chrono Boost), Gateway  
  66  6:02  Observer  
  68  6:09  Nexus  
  68  6:10  Probe (Chrono Boost)  
  69  6:13  Probe (Chrono Boost)  
  70  6:18  Pylon  
  70  6:22  Probe (Chrono Boost)  
  72  6:25  Probe (Chrono Boost)  
  72  6:28  Stalker  
  72  6:29  Stalker x3  
  80  6:54  Stalker x4  
  88  7:02  Forge  
  88  7:04  Forge  
  88  7:07  Forge  
  88  7:15  Pylon  
  88  7:21  Stalker x3  
  88  7:22  Stalker  
  96  7:28  Pylon  
  96  7:31  Protoss Shields Level 1, Protoss Ground Weapons Level 1, Protoss Ground Armor Level 1  
  96  7:32  Pylon, Stalker  
  98  7:40  Probe x2 (Chrono Boost)  
  100  7:52  Observer  
  101  8:01  Nexus  
  101  8:02  Stalker  
  103  8:09  Assimilator  
  103  8:12  Pylon, Assimilator  
  103  8:14  Observer  
  103  8:15  Pylon  
  104  8:22  Gateway  
  104  8:31  Templar Archives  
  104  8:37  Gateway  
  104  8:40  Gateway, Stalker  
  104  8:41  Gateway, Stalker  
  108  8:51  Stalker x2  
  112  8:59  Pylon  
  112  9:03  Pylon  
  112  9:05  Pylon  
  112  9:16  Pylon  
  112  9:18  Pylon  
  112  9:19  Protoss Ground Weapons Level 2  
  112  9:21  Probe x2 (Chrono Boost)  
  112  9:23  Protoss Ground Armor Level 2  
  113  9:29  Stalker x3  
  113  9:30  Stalker  
  121  9:31  Protoss Shields Level 2  
  120  9:51  Observer  
  121  10:01  High Templar  
  121  10:02  High Templar x6  
  121  10:03  High Templar  
  121  10:04  Psionic Storm  
  121  10:05  Archon  
  137  10:23  Probe (Chrono Boost)  
  137  10:24  Probe x2 (Chrono Boost)  
  137  10:25  Probe (Chrono Boost)  
  141  10:34  Probe (Chrono Boost)  
  144  10:36  Probe x2 (Chrono Boost)  
  144  10:47  Nexus  
  144  10:49  Pylon  
  147  10:50  Probe x2 (Chrono Boost)  
  147  10:51  Probe (Chrono Boost)  
  147  10:53  High Templar x4  
  155  10:57  Pylon  
  155  11:03  Assimilator  
  155  11:09  Assimilator  
  154  11:12  Observer  
  155  11:21  Stalker x3  
  155  11:22  Protoss Ground Weapons Level 3, Stalker x3  
  155  11:23  Protoss Ground Armor Level 3  
  167  11:26  Photon Cannon  
  167  11:30  Protoss Shields Level 3  
  167  11:33  Observer  
  167  11:36  Photon Cannon  
  168  11:43  Photon Cannon  
  168  11:56  Photon Cannon  
  168  12:02  Photon Cannon  
  168  12:03  High Templar  
  168  12:04  High Templar  
  172  12:16  Stalker x4  
  172  12:17  Stalker  
  182  12:23  Observer  
  183  12:35  Stalker x3  
  189  12:49  Probe (Chrono Boost)  
  189  12:50  Probe x4 (Chrono Boost)  
  194  13:02  Probe (Chrono Boost)  
  195  13:06  Stalker x2  
  199  13:31  Gateway  
  199  13:33  Gateway  
  199  13:34  Gateway  
  196  13:38  Assimilator  
  175  13:42  Assimilator  
  175  13:45  Pylon  
  160  14:04  Stalker  
  160  14:05  Stalker x4  
  160  14:06  Stalker x4  
  160  14:07  Stalker  
  170  14:33  Stalker x4  
  170  14:34  Stalker x5  
  170  14:35  Stalker  
  140  15:04  Stalker x4  
  140  15:05  Stalker x7  
  140  15:06  Stalker x2  
  138  15:15  Pylon  
  138  15:17  Pylon  
  138  15:21  Pylon  
  132  15:23  Pylon  
Tags
 
Matchup
PvP
Replay Pack
All Mines
Spawn Locations
Cross Positions
Add a new tag
Caveats
  • Supply blocks, unpowered buildings, or Contaminate may cause inaccurate times.
  • Supply counts are checked every 10 seconds.